 Dungeon Crawl Stone Soup version 0.19-a0-1815-g4007336 (webtiles) character file.

27524 Amnesiac the Deadly Accurate (level 13, -7/131 HPs)
             Began as an Ogre Hunter on Oct 5, 2016.
             Was a High Priest of Okawaru.
             Mangled by a merfolk (20 damage)
             ... on level 9 of the Dungeon.
             The game lasted 00:26:59 (15292 turns).

Amnesiac the Deadly Accurate (Ogre Hunter)         Turns: 15292, Time: 00:26:59

Health: -7/131     AC:  5    Str: 17 (20) XL:     13   Next: 33%
Magic:  13/13      EV: 12    Int:  7 (10) God:    Okawaru [*****.]
Gold:   635        SH:  0    Dex: 11 (14) Spells: 0 memorised, 12 levels left

rFire  + . .     SeeInvis .     L - +0 blowgun
rCold  + . .     Gourm    +     B - +1 robe {rC+ rF+}
rNeg   . . .     Faith    .     (no shield)
rPois  +         Spirit   .     (helmet restricted)
rElec  .         Dismiss  .     z - +0 cloak
rCorr  .         Reflect  .     (gloves unavailable)
MR     ++...     Harm     .     (boots unavailable)
Stlth  ++........               C - amulet of the gourmand
                                u - ring of poison resistance
                                Q - ring of protection from magic

@: no status effects
A: unfitting armour, tough skin 1
a: Heroism, Finesse, Renounce Religion


You were on level 9 of the Dungeon.
You worshipped Okawaru.
Okawaru was extremely pleased with you.
You were full.

You visited 3 branches of the dungeon, and saw 13 of its levels.

You collected 635 gold pieces.

Inventory:

Hand Weapons
 k - a +2 short sword of electrocution
 m - a +3 quarterstaff
 L - a +0 blowgun (weapon)
Missiles
 n - 3 needles of confusion (quivered)
 q - 73 poisoned needles
Armour
 z - a +0 cloak (worn)
 B - a +1 robe of resistance (worn)
Jewellery
 r - an uncursed ring of protection from fire
 u - a ring of poison resistance (right hand)
 C - an amulet of the gourmand (around neck)
 Q - a ring of protection from magic (left hand)
Wands
 g - a wand of random effects (18/48)
 i - a wand of polymorph (7/24)
 A - a wand of hasting (5/9)
 I - a wand of flame (43/48)
Scrolls
 c - 11 scrolls of remove curse
 d - a scroll of vulnerability
 y - 2 scrolls of magic mapping
 D - a scroll of blinking
 H - a scroll of amnesia
 T - a scroll of summoning
Potions
 b - a potion of brilliance
 o - 2 potions of might
 s - 4 potions of curing
 v - a potion of cancellation
 G - a potion of resistance
 J - a potion of flight
Books
 w - a book of Air

   Spells                             Type                      Level
   a - Shock                          Conjuration/Air              1
   b - Swiftness                      Charms/Air                   2
   c - Repel Missiles                 Charms/Air                   2
   d - Static Discharge               Conjuration/Air              3
   e - Lightning Bolt                 Conjuration/Air              5
Comestibles
 f - 11 bread rations
 j - a meat ration
 l - 2 beef jerkies
 E - a slice of pizza
 P - 5 fruits
 R - 2 royal jellies


   Skills:
 + Level 9.6 Fighting
 * Level 17.6 Throwing
 + Level 5.7 Dodging
 - Level 4.3 Stealth


You had 12 spell levels left.
You didn't know any spells.

Dungeon Overview and Level Annotations

Branches:
Dungeon (10/15)            Temple (1/1) D:5            Lair (2/6) D:10
  Swamp (0/4) Lair:2          Orc (0/2) D:9
  Snake: Lair:2-4    Spider: Lair:2-4

Altars:
Ashenzari
Cheibriados
Elyvilon
Fedhas
Hepliaklqana
Kikubaaqudgha
Nemelex Xobeh
Okawaru
Ru
Trog
Uskayaw
Xom
Yredelemnul
The Shining One

Shops:
D:6 }


Innate Abilities, Weirdness & Mutations

You are too large for most types of armour.
You have tough skin. (AC +1)


Message History

The merfolk misses you. The merfolk hits you!!
* * * LOW HITPOINT WARNING * * *
There is an open door here.
Wield which item (- for none, * to show all)? (? for menu, Esc to quit)
Your +2 short sword of electrocution stops crackling.
L - a +0 blowgun (weapon)
Firing (i - inventory. (,) - cycle):
n - 5 needles of confusion (quivered)
Press: ? - help, Shift-Dir - straight line, f/p - merfolk
Aim: a merfolk (severely wounded)
You shoot a needle of confusion.
The needle of confusion closely misses the merfolk.
Firing (i - inventory. (,) - cycle):
n - 4 needles of confusion (quivered)
Press: ? - help, Shift-Dir - straight line, f/p - merfolk
Aim: a merfolk (severely wounded)
You shoot a needle of confusion.
The needle of confusion hits the merfolk!!
The merfolk resists.
The merfolk is severely wounded.
The merfolk hits you!!
You die...

#####.### ###.## #.# #.# #...#
#.# #.## #.### #.# #..# #.# #.#
######.## ###.######## ##'####
#.......###..........# ###......
#....................####.'....<.
#.......###...............#......
#.......# #.....@....######......
#.......# #####m###### #......
######### #.# ######' #.## #....
#(.# #####'### ##.# #........
####'## #........ #.....#
#........ #.....### #........


You could see a merfolk.

Vanquished Creatures
  4 hydras
  A centaur warrior (Lair:1)
  An unseen horror (D:10)
  A hill giant (D:10)
  3 spiny frogs (Lair:1)
  A komodo dragon (Lair:1)
  2 trolls
  A two-headed ogre (D:9)
  Prince Ribbit (D:5)
  3 blink frogs (Lair:1)
  A wyvern (D:10)
  10 yaks
  Eustachio (D:9)
  A basilisk (Lair:1)
  6 humans (D:8)
  A wraith (D:10)
  A steam dragon (D:9)
  Menkaure (D:5)
  4 water moccasins
  A porcupine (Lair:1)
  6 orc warriors
  2 ice beasts
  A sky beast (D:8)
  A phantom (D:6)
  A necrophage (D:9)
  5 wolves (Lair:1)
  4 ogres
  3 centaurs
  7 crocodiles
  A big kobold (D:7)
  8 bullfrogs
  A gnoll sergeant (D:9)
  7 scorpions
  A wight (D:9)
  4 howler monkeys
  7 crimson imps
  2 centaur zombies
  A bullfrog zombie (D:6)
  2 orc priests
  2 jellies
  8 orc wizards
  3 bullfrog skeletons
  11 hounds
  Jessica (D:3)
  5 iguanas
  8 worker ants
  2 hound skeletons
  A howler monkey skeleton (D:8)
  A howler monkey zombie (D:9)
  12 gnolls
  13 adders
  2 shadow imps
  An ooze (D:6)
  2 adder skeletons
  2 dart slugs
  4 leopard geckos
  50 orcs
  2 ball pythons
  9 bats
  6 giant cockroaches
  4 goblins (D:2)
  3 hobgoblins
  11 jackals
  15 kobolds
  6 quokkas
  7 frilled lizards
  A quokka skeleton (D:8)
  10 rats
311 creatures vanquished.

Notes
Turn   | Place    | Note
-------+----------+-------------------------------------------
     0 | D:1      | Amnesiac the Ogre Hunter began the quest for the Orb.
     0 | D:1      | Reached XP level 1. HP: 22/22 MP: 1/1
    45 | D:1      | Reached skill level 1 in Stealth
    45 | D:1      | Reached XP level 2. HP: 23/31 MP: 2/2
   335 | D:1      | Reached XP level 3. HP: 25/37 MP: 3/3
  1140 | D:3      | Noticed an ice beast
  1238 | D:3      | Reached XP level 4. HP: 24/48 MP: 4/4
  1420 | D:3      | Reached XP level 5. HP: 43/54 MP: 5/5
  1915 | D:4      | Reached XP level 6. HP: 49/63 MP: 6/6
  2157 | D:4      | Reached skill level 5 in Throwing
  2402 | D:5      | Entered Level 5 of the Dungeon
  2402 | D:5      | Noticed Menkaure
  2404 | D:5      | Killed Menkaure
  2404 | D:5      | Reached skill level 5 in Fighting
  2553 | D:5      | Killed an ice beast
  2553 | D:5      | Reached XP level 7. HP: 37/72 MP: 7/7
  2871 | D:5      | Found a staircase to the Ecumenical Temple.
  2876 | Temple   | Entered the Ecumenical Temple
  2935 | Temple   | Became a worshipper of Warmaster Okawaru
  3214 | D:5      | Noticed Prince Ribbit
  3216 | D:5      | Killed Prince Ribbit
  3265 | D:5      | Reached skill level 6 in Throwing
  3543 | D:3      | Reached XP level 8. HP: 77/84 MP: 8/8
  3554 | D:3      | Found a basalt altar of Yredelemnul.
  3591 | D:3      | Noticed Jessica
  3592 | D:3      | Killed Jessica
  3821 | D:2      | Found a faded altar of an unknown god.
  4860 | D:6      | Reached * piety under Okawaru
  5572 | D:6      | Reached skill level 7 in Throwing
  5723 | D:6      | Reached XP level 9. HP: 14/93 MP: 9/9
  6083 | D:6      | Reached skill level 8 in Throwing
  6117 | D:6      | Reached ** piety under Okawaru
  6142 | D:6      | Found Liocseq's Gadget Shoppe.
  6375 | D:6      | Found a hide-covered altar of Uskayaw.
  6451 | D:6      | Found a glowing golden altar of the Shining One.
  6456 | D:6      | Found a sacrificial altar of Ru.
  6457 | D:6      | Found a hazy altar of Hepliaklqana.
  6531 | D:7      | Reached skill level 9 in Throwing
  6690 | D:7      | Noticed a troll
  7515 | D:7      | Reached skill level 10 in Throwing
  8162 | D:8      | Found a shimmering altar of Xom.
  8443 | D:8      | Reached skill level 11 in Throwing
  8443 | D:8      | Reached XP level 10. HP: 102/102 MP: 10/10
  8451 | D:8      | Reached *** piety under Okawaru
  8476 | D:8      | HP: 1/102 [human (8)]
  9126 | D:8      | Reached skill level 12 in Throwing
  9183 | D:9      | Found a shattered altar of Ashenzari.
  9298 | D:9      | Reached **** piety under Okawaru
  9512 | D:9      | Reached skill level 13 in Throwing
  9548 | D:9      | Noticed Eustachio
  9596 | D:9      | Found a staircase to the Orcish Mines.
  9705 | D:9      | Reached ***** piety under Okawaru
  9735 | D:9      | Killed Eustachio
  9735 | D:9      | Reached XP level 11. HP: 65/109 MP: 11/11
 10201 | D:9      | Received a gift from Okawaru
 10201 | D:9      | Reached skill level 14 in Throwing
 10706 | D:10     | Entered Level 10 of the Dungeon
 11344 | D:10     | Killed an unseen horror
 11750 | D:10     | Found a staircase to the Lair.
 11763 | D:10     | Noticed a hill giant
 11772 | D:10     | Killed a hill giant
 12060 | Lair:1   | Entered Level 1 of the Lair of Beasts
 12151 | Lair:1   | Reached skill level 15 in Throwing
 12579 | Lair:1   | Noticed a seven-headed hydra
 12662 | Lair:1   | Killed a seven-headed hydra
 12687 | Lair:1   | Noticed a seven-headed hydra
 12697 | Lair:1   | Killed a seven-headed hydra
 12883 | Lair:1   | Noticed a five-headed hydra
 12891 | Lair:1   | Killed a five-headed hydra
 13222 | Lair:1   | Reached XP level 12. HP: 122/122 MP: 12/12
 13228 | Lair:1   | Received a gift from Okawaru
 13284 | Lair:1   | Reached skill level 5 in Dodging
 13680 | Lair:1   | Reached skill level 16 in Throwing
 13995 | Lair:2   | Found a staircase to the Swamp.
 14012 | Lair:2   | Noticed a six-headed hydra
 14024 | Lair:2   | Killed a six-headed hydra
 14044 | Lair:1   | HP: 5/124 [poisoned by a redback]
 14066 | Lair:1   | Gained mutation: You are weak. (Str -2) [potion of mutation]
 14066 | Lair:1   | Gained mutation: You are agile. (Dex +2) [potion of mutation]
 14378 | Lair:1   | Noticed a centaur warrior
 14391 | Lair:1   | Killed a centaur warrior
 14725 | Lair:1   | Gained mutation: Your body sometimes deteriorates upon taking damage. [potion of mutation]
 14725 | Lair:1   | Lost mutation: You are weak. (Str -2) [potion of mutation]
 14725 | Lair:1   | Gained mutation: You occasionally shout uncontrollably at your foes. [potion of mutation]
 14851 | D:10     | Lost mutation: Your body sometimes deteriorates upon taking damage. [potion of cure mutation]
 14851 | D:10     | Lost mutation: You are agile. (Dex +2) [potion of cure mutation]
 14851 | D:10     | Lost mutation: You occasionally shout uncontrollably at your foes. [potion of cure mutation]
 14855 | D:10     | Reached skill level 17 in Throwing
 14855 | D:10     | Reached XP level 13. HP: 52/131 MP: 13/13
 15292 | D:9      | Mangled by a merfolk

Vault maps used:
D:1:      lightli_molten_gateway, bh_walls_and_bars
D:2:      ecumenical_altar_2
D:3:      first_bread, yredelemnul_altar_generic, uniq_jessica
D:4:      supply_closet_lemuel
D:5:      uniq_prince_ribbit1, uniq_menkaure
D:6:      minitemple, serial_shops, shop_fountains, kennysheep_flooded_box
D:8:      cheibrodos_elevator_heist, kennysheep_mini_moat, minmay_ruffians
D:9:      lemuel_doored_altar, orc_0_dummy, sword_in_stone
D:10:     lair_0_dummy
Temple:   eino_temple_scatter_basement
Lair:1:   grunt_megastairs_5
Lair:2:   wad_woods_structure_01, swamp_mist, spider_nest_entry_webs,
          minivault_25, uniq_sonja, uniq_fannar, uniq_erica

Skill      XL: |  1  2  3  4  5  6  7  8  9 10 11 12 |
---------------+-------------------------------------+-----
Fighting       | 3 4 5 6 7 8 9 |  9.6
Dodging        | 2 3 4 5 |  5.7
Stealth        | 1 2 3 4 |  4.3
Throwing       | 5 6 7 11 13 15 17 | 17.6

Action                   |  1- 3 |  4- 6 |  7- 9 | 10-12 | 13-15 || total
-------------------------+-------+-------+-------+-------+-------++-------
Melee: Short sword       |     6 |    50 |   352 |   185 |    22 ||   615
       Halberd           |   123 |       |       |       |       ||   123
       Quarterstaff      |       |       |    21 |       |       ||    21
 Fire: Blowgun           |       |       |       |       |     3 ||     3
Throw: Large rock        |    17 |     7 |    29 |    20 |       ||    73
       Throwing net      |     1 |       |     2 |       |       ||     3
       Tomahawk          |       |       |   108 |   334 |     2 ||   444
       Stone             |       |       |    17 |       |       ||    17
       Javelin           |       |       |     8 |    44 |       ||    52
Invok: Heroism           |       |       |     1 |     2 |     1 ||     4
Evoke: Wand              |       |       |       |     1 |       ||     1
  Use: Scroll            |     6 |     2 |    11 |     8 |       ||    27
       Potion            |     1 |       |       |    12 |     1 ||    14
 Stab: Sleeping          |     3 |     2 |     6 |       |       ||    11
       Distracted        |       |       |     2 |       |       ||     2
       Confused          |       |       |       |       |     1 ||     1
  Eat: Chunk             |     1 |     5 |    38 |    18 |       ||    62
Armor: Robe              |    63 |     9 |   107 |    50 |       ||   229
Dodge: Dodged            |   130 |    32 |   229 |   170 |    11 ||   572
